 Dungeon Crawl Stone Soup version 0.22-a0-414-gacd343e8ff (webtiles) character file.

321 Kriby the Ruffian (level 6, 0/63 HPs)
             Began as a Troll Monk on May 13, 2018.
             Slain by Grinder (2 damage)
             ... on level 4 of the Dungeon.
             The game lasted 00:02:06 (1964 turns).

Kriby the Ruffian (Troll Monk)                      Turns: 1964, Time: 00:02:07

Health: 0/63       AC:  5    Str: 22    XL:     6   Next: 22%
Magic:  5/5        EV: 10    Int:  8    God:
Gold:   91         SH:  0    Dex: 12    Spells: 5/5 levels left

rFire    . . .     SeeInvis .     - Unarmed
rCold    . . .     Gourm    +   (no shield)
rNeg     . . .     Faith    .   a - +0 robe
rPois    .         Spirit   .   (helmet restricted)
rElec    .         Reflect  .   (no cloak)
rCorr    .         Harm     .   (gloves unavailable)
MR       .....                  (boots unavailable)
Stlth    ++........             (no amulet)
HPRegen  0.60/turn              e - +2 ring of intelligence
MPRegen  0.09/turn              (no ring)

@: lethally poisoned (0 -> -8)
A: large, unfitting armour, claws 3, fast metabolism 3, gourmand, regeneration
1, shaggy fur 1, tough skin 2
a: no special abilities


You were on level 4 of the Dungeon.
You were completely stuffed.

You visited 1 branch of the dungeon, and saw 4 of its levels.

You collected 91 gold pieces.

Inventory:

Armour
 a - a +0 robe (worn)
Jewellery
 e - a +2 ring of intelligence (left claw)
Scrolls
 c - a scroll of teleportation {unknown}
 f - 2 scrolls of identify {unknown}
 g - a scroll of magic mapping {unknown}
 k - a scroll of blinking {unknown}
Potions
 d - a potion of brilliance {unknown}
 h - 3 potions of lignification
 i - a potion of degeneration {unknown}
Comestibles
 b - 3 rations
 j - 3 chunks of flesh


   Skills:
 * Level 4.4 Fighting
 - Level 2.4 Dodging
 - Level 1.0 Stealth
 * Level 5.4 Unarmed Combat


You had 5 spell levels left.
You didn't know any spells.
Your spell library was empty.

Dungeon Overview and Level Annotations

Branches:
Dungeon (4/15)
 Temple: D:4-7

Altars:
Elyvilon
Yredelemnul
Zin

Shops:
D:2 *

Annotations:
D:4 Edmund, Grinder


Innate Abilities, Weirdness & Mutations

You are too large for most types of armour.
You have claws for hands.
Your metabolism is lightning-fast.
You like to eat raw meat.
Your natural rate of healing is unusually fast.
You are covered in fur. (AC +1)
You have very tough skin. (AC +2)


Message History

Edmund is severely wounded.
You feel sick.
Edmund hits you with a dire flail of venom.
You are more poisoned.
Something hits you.
* * * LOW HITPOINT WARNING * * *
You writhe in agony.
* * * LOW HITPOINT WARNING * * *
You scratch Edmund but do no damage.
Edmund is severely wounded.
You hear the slow rusting of a drain nearby.
You feel sick. Edmund closely misses you. Something hits you!
* * * LOW HITPOINT WARNING * * *
You writhe in agony.
* * * LOW HITPOINT WARNING * * *
You scratch Edmund.
Edmund is severely wounded.
* * * LOW HITPOINT WARNING * * *
You feel sick. Something hits you.
You die...

# # #.............
#............. # ##
##............
####..####...........##[
........................
........................
.................@......
................@{#
..### #...........# ..#
#...........# ..#
#...........# ..#
#........$..#
..#####...........#
..........###.....#
#########.# #..!..# #.#
#.....#


You could see Edmund.

Vanquished Creatures
  An iguana (D:3)
  Natasha (thrice) (D:3)
  An orc wizard (D:3)
  11 adders
  An adder skeleton (D:4)
  2 worms (D:3)
  4 leopard geckos
  9 orcs
  5 giant cockroaches
  5 goblins
  10 hobgoblins
  A quokka (D:3)
  A ball python (D:1)
  10 bats
  2 frilled lizards
  6 kobolds
  20 rats (D:3)
92 creatures vanquished.

Notes
Turn   | Place    | Note
-------+----------+-------------------------------------------
     0 | D:1      | Kriby the Troll Monk began the quest for the Orb.
     0 | D:1      | Reached XP level 1. HP: 22/22 MP: 0/0
    82 | D:1      | Reached XP level 2. HP: 27/29 MP: 1/1
   315 | D:2      | Reached XP level 3. HP: 30/37 MP: 2/2
   460 | D:2      | Found Zin's Purification Station.
   462 | D:2      | Found a glowing silver altar of Zin.
   667 | D:2      | Found a basalt altar of Yredelemnul.
   765 | D:2      | Found a white marble altar of Elyvilon.
  1049 | D:3      | Reached skill level 4 in Unarmed Combat
  1076 | D:3      | Reached XP level 4. HP: 41/45 MP: 3/3
  1267 | D:3      | Noticed Natasha
  1268 | D:3      | Killed Natasha
  1268 | D:3      | Reached XP level 5. HP: 54/54 MP: 4/4
  1388 | D:3      | Noticed Natasha
  1393 | D:3      | Killed Natasha
  1530 | D:3      | Reached skill level 5 in Unarmed Combat
  1684 | D:3      | Noticed Natasha
  1691 | D:3      | Killed Natasha
  1777 | D:3      | Reached XP level 6. HP: 33/63 MP: 5/5
  1948 | D:4      | Noticed Edmund
  1955 | D:4      | Noticed Grinder
  1963 | D:4      | HP: 3/63 [something (4)]
  1964 | D:4      | Slain by Grinder

Vault maps used:
D:1:      minmay_arrival_wavy_path, minmay_shallow_snake_nest
D:2:      zin_purify, lemuel_doored_altar, elyvilon_altar_1
D:3:      minmay_rat_hole, uniq_natasha
D:4:      gup_sewer_entry_bubbles, tgw_sif, uniq_edmund, uniq_grinder,
          uniq_sigmund, uniq_robin

Skill      XL: |  1  2  3  4  5 |
---------------+----------------+-----
Fighting       | 3 4 |  4.4
Unarmed Combat | 4 5 |  5.4
Dodging        | |  2.4
Stealth        | |  1.0

Action                   |  1- 3 |  4- 6 || total
-------------------------+-------+-------++-------
Melee: Unarmed           |    96 |   146 ||   242
       Punch             |       |     3 ||     3
  Use: Potion            |       |     2 ||     2
 Stab: Sleeping          |     2 |       ||     2
  Eat: Chunk             |    15 |     9 ||    24
Armor: Robe              |    34 |    51 ||    85
       Skin              |       |    11 ||    11
Dodge: Dodged            |    48 |    58 ||   106

Table legend:
 A = Spawn XP
 B = Non-spawn XP
 C = Spawn XP percentage of total XP
 D = Spawn monster count
 E = Non-spawn monster count
 F = Spawn count percentage of total count
 G = Total turns spent on level
                    A         B        C        D         E        F      G
               +---------+---------+-------+---------+---------+-------+---------
         Total |       0 |     459 |   0.0 |       0 |      92 |   0.0 |  1964
               +---------+---------+-------+---------+---------+-------+---------
           D:1 |       0 |      29 |   0.0 |       0 |      18 |   0.0 |   273
           D:2 |       0 |      44 |   0.0 |       0 |      11 |   0.0 |   769
           D:3 |       0 |     365 |   0.0 |       0 |      60 |   0.0 |   814
           D:4 |       0 |      21 |   0.0 |       0 |       3 |   0.0 |   108
               +---------+---------+-------+---------+---------+-------+---------
